 Dungeon Crawl Stone Soup version 0.21.1-1-g345015f (webtiles) character file.

220 infcreate the Shield-Bearer (level 5, -1/47 HPs)
             Began as a Minotaur Fighter on May 26, 2018.
             Killed by nerve-wracking pain
             ... invoked by Grinder
              (7 damage)
             ... on level 4 of the Dungeon.
             The game lasted 00:10:36 (2757 turns).

infcreate the Shield-Bearer (Minotaur Fighter)      Turns: 2757, Time: 00:10:37

Health: -1/47      AC:  9    Str: 22    XL:     5   Next: 64%
Magic:  4/4        EV: 10    Int:  5    God:
Gold:   161        SH: 10    Dex: 14    Spells: 4/4 levels left

rFire    . . .     SeeInvis .   a - +0 war axe
rCold    . . .     Gourm    .   c - +0 shield
rNeg     . . .     Faith    .   e - +0 chain mail
rPois    .         Spirit   .   (helmet restricted)
rElec    .         Reflect  .   (no cloak)
rCorr    .         Harm     .   (no gloves)
MR       .....                  (no boots)
Stlth    ..........             (no amulet)
HPRegen  0.15/turn              (no ring)
MPRegen  0.09/turn              (no ring)

@: agile, heavily drained
A: retaliatory headbutt, horns 2
a: no special abilities


You were on level 4 of the Dungeon.
You were hungry.

You visited 1 branch of the dungeon, and saw 4 of its levels.

You collected 161 gold pieces.

Inventory:

Hand Weapons
 a - a +0 war axe (weapon)
Armour
 c - a +0 shield (worn)
 e - a +0 chain mail (worn)
Jewellery
 o - a +5 ring of evasion {unknown}
Scrolls
 g - 3 scrolls of noise {unknown}
 h - a scroll of fog {unknown}
 i - 2 scrolls of fear {unknown}
 j - 2 scrolls of identify {unknown}
 k - a scroll of immolation {unknown}
 n - a scroll of teleportation {unknown}
 p - a scroll of magic mapping {unknown}
 r - a scroll of remove curse {unknown}
Potions
 b - a potion of curing
 d - 2 potions of might
Books
 m - a book of Minor Magic

   Spells                             Type                      Level
   a - Magic Dart                     Conjuration                  1
   b - Blink                          Translocation                2
   c - Call Imp                       Summoning                    2
   d - Slow                           Hexes                        2
   e - Conjure Flame                  Conjuration/Fire             3
   f - Mephitic Cloud                 Conjuration/Poison/Air       3
Comestibles
 f - 7 rations


   Skills:
 + Level 4.5(3.2) Fighting
 + Level 4.9(3.6) Axes
 + Level 4.7(3.4) Armour
 + Level 4.9(3.7) Shields


You had 4 spell levels left.
You didn't know any spells.

Dungeon Overview and Level Annotations

Branches:
Dungeon (4/15)
 Temple: D:4-7

Altars:
Okawaru

Annotations:
D:4 Grinder


Innate Abilities, Weirdness & Mutations

You reflexively headbutt those who attack you in melee.
You have a pair of horns on your head.


Message History

You hit Grinder. Your headbutt misses Grinder.
Grinder is heavily wounded.
You block Grinder's attack.
Your shield and chain mail prevent you from hitting Grinder.
Grinder is heavily wounded.
Grinder gestures at you. Pain shoots through your body!
* * * LOW HITPOINT WARNING * * *
Unknown command.
It was a potion of agility.
You feel agile all of a sudden. Grinder closely misses you.
You hit Grinder.
Grinder is heavily wounded.
You block Grinder's attack. x2
Your shield and chain mail prevent you from hitting Grinder.
Grinder is heavily wounded.
Grinder gestures at you. Pain shoots through your body!
You die...

#.##.# #.# #(##.#
#.# #.##.# #.#
#.##.# #.( #.##.#
### #.##.# #.##.#
#.##.#########.##.#
#.....5@..........#
####..########.####
#. #.# # #.# #.#
#.#########
#..........
###########


You could see Grinder.

Vanquished Creatures
  An orc wizard (D:3)
  Natasha (D:2)
  3 adders
  4 gnolls (D:3)
  An ooze (D:2)
  2 worms (D:2)
  3 dart slugs
  A leopard gecko (D:1)
  2 orcs (D:3)
  2 giant cockroaches (D:2)
  6 goblins
  3 hobgoblins
  6 jackals (D:2)
  8 kobolds
  2 quokkas
  6 ball pythons
  10 bats
  3 frilled lizards
  10 rats
74 creatures vanquished.

Vanquished Creatures (others)
  An orc wizard (D:3)
1 creature vanquished.

Grand Total: 75 creatures vanquished

Notes
Turn   | Place    | Note
-------+----------+-------------------------------------------
     0 | D:1      | infcreate the Minotaur Fighter began the quest for the Orb.
     0 | D:1      | Reached XP level 1. HP: 19/19 MP: 0/0
    71 | D:1      | Reached XP level 2. HP: 27/27 MP: 1/1
   598 | D:2      | Reached XP level 3. HP: 33/33 MP: 2/2
   993 | D:2      | Reached XP level 4. HP: 40/40 MP: 3/3
  1029 | D:2      | Noticed Natasha
  1036 | D:2      | Killed Natasha
  1912 | D:3      | Reached XP level 5. HP: 47/47 MP: 4/4
  2277 | D:3      | Found an iron altar of Okawaru.
  2738 | D:4      | Noticed Grinder
  2745 | D:4      | Paralysed by Grinder for 6 turns
  2757 | D:4      | Killed from afar by Grinder

Skill      XL: |  1  2  3  4 |
---------------+-------------+-----
Fighting       | 4 |  4.5
Armour         | 4 |  4.7
Shields        | 4 |  4.9
Axes           | 3 4 |  4.9

Action                   |  1- 3 |  4- 6 || total
-------------------------+-------+-------++-------
Melee: War axe           |   117 |    87 ||   204
       Headbutt          |    12 |    13 ||    25
  Use: Potion            |       |     4 ||     4
  Eat: Chunk             |       |     2 ||     2
       Ration            |       |     1 ||     1
Armor: Scale mail        |     4 |       ||     4
       Chain mail        |    77 |    47 ||   124
Dodge: Dodged            |    30 |    22 ||    52
Block: Shield            |    77 |    43 ||   120
